SA
COLUMBIA RIVER RATS @ BELLEVILLE BULLS
05/18/2045
 
TOP OF THE 1ST
Columbia River Rats batting - Pitching for Belleville Bulls : RHP Miguel Angel Craig
Pitching: RHP Miguel Angel Craig
Batting: LHB Héctor Ancelno 0-0: DOUBLE (Flyball, 7LD, EV 103.8 MPH)
Batting: RHB Ernest Bonner 0-0: Called Strike
0-1: Ball
1-1: Ground out 1-3 (Groundball, 13, EV 68.1 MPH)
Héctor Ancelno to third
Batting: LHB Bernard Alonso 0-0: Swinging Strike
0-1: Foul Ball, location: 2F
0-2: Fly out, F5 (Line Drive, 5, EV 70.0 MPH)
Batting: RHB Jonathan Boden 0-0: Ball
1-0: Ball
2-0: Foul Ball, location: 2F
2-1: SINGLE (Flyball, 6D, EV 88.8 MPH)
Héctor Ancelno scores
Batting: SHB Jorge Pérez 0-0: Fly out, F9 (Flyball, 9LM, EV 85.0 MPH)
Top of the 1st over - 1 run, 2 hits, 0 errors, 1 left on base; Columbia 1 - Belleville 0
BOTTOM OF THE 1ST
Belleville Bulls batting - Pitching for Columbia River Rats : LHP Christiansen Chemnitz
Pitching: LHP Christiansen Chemnitz
Batting: RHB Lorenzo Morales 0-0: Foul Ball, location: 2F
0-1: Swinging Strike
0-2: Ball
1-2: Ball
2-2: Foul Ball, location: 2F
2-2: Strikes out swinging
Batting: RHB Cam Lloyd 0-0: Called Strike
0-1: Ball
1-1: Foul Ball, location: 2F
1-2: Ball
2-2: Strikes out looking
Batting: RHB Jaicus Saracho 0-0: Ball
1-0: Ball
2-0: Called Strike
2-1: Foul Ball, location: 2F
2-2: DOUBLE (Flyball, 78D, EV 108.1 MPH)
Batting: LHB Tomás Gutiérrez 0-0: Ball
1-0: Called Strike
1-1: Ball
2-1: Ball
3-1: Called Strike
3-2: Ground out U3 (Groundball, 3, EV 106.2 MPH)
Bottom of the 1st over - 0 runs, 1 hit, 0 errors, 1 left on base; Columbia 1 - Belleville 0
TOP OF THE 2ND
Columbia River Rats batting - Pitching for Belleville Bulls : RHP Miguel Angel Craig
Batting: RHB Rutger McGroarty 0-0: Called Strike
0-1: Hit by Pitch
Batting: RHB Yong-oon P'i 0-0: Called Strike
0-1: Fly out, F9 (Flyball, 9LM, EV 90.0 MPH)
Batting: RHB Marty Johnson 0-0: Called Strike
0-1: Called Strike
0-2: SINGLE (Groundball, 34S, EV 70.6 MPH) (infield hit)
Rutger McGroarty to second
Batting: RHB Rafael Suárez 0-0: Foul Ball, location: 2F
0-1: Ball
1-1: Ball
2-1: Ground out 5-3 (Groundball, 56S, EV 74.4 MPH)
Rutger McGroarty to third
Marty Johnson to second
Batting: LHB Héctor Ancelno 0-0: Ball
1-0: Foul Ball, location: 2F
1-1: Swinging Strike
1-2: Strikes out swinging
Top of the 2nd over - 0 runs, 1 hit, 0 errors, 2 left on base; Columbia 1 - Belleville 0
BOTTOM OF THE 2ND
Belleville Bulls batting - Pitching for Columbia River Rats : LHP Christiansen Chemnitz
Batting: RHB Ludwig Mangin 0-0: Called Strike
0-1: Called Strike
0-2: Ball
1-2: Strikes out swinging
Batting: RHB Ron Johnson 0-0: Called Strike
0-1: Ball
1-1: Foul Ball, location: 2F
1-2: Strikes out swinging
Batting: RHB Nick Ramírez 0-0: Foul Ball, location: 2F
0-1: Swinging Strike
0-2: Strikes out swinging
Bottom of the 2nd over - 0 runs, 0 hits, 0 errors, 0 left on base; Columbia 1 - Belleville 0
TOP OF THE 3RD
Columbia River Rats batting - Pitching for Belleville Bulls : RHP Miguel Angel Craig
Batting: RHB Ernest Bonner 0-0: SINGLE (Groundball, 56D, EV 103.8 MPH)
Batting: LHB Bernard Alonso 0-0: Ball
1-0: Ball
2-0: Fly out, F9 (Line Drive, 9, EV 91.9 MPH)
Batting: RHB Jonathan Boden 0-0: SINGLE (Groundball, 34D, EV 99.4 MPH)
Ernest Bonner to second
Runner from 2nd tries for 3rd, SAFE, no throw by RF
Batting: SHB Jorge Pérez 0-0: Called Strike
0-1: Ball
1-1: Ball
2-1: Foul Ball, location: 2F
2-2: Strikes out swinging
Batting: RHB Rutger McGroarty 0-0: Called Strike
0-1: Ball
1-1: Ball
2-1: Fly out, F5 (Line Drive, 5, EV 64.4 MPH)
Top of the 3rd over - 0 runs, 2 hits, 0 errors, 2 left on base; Columbia 1 - Belleville 0
BOTTOM OF THE 3RD
Belleville Bulls batting - Pitching for Columbia River Rats : LHP Christiansen Chemnitz
Batting: LHB Chad Perry 0-0: Ball
1-0: Ball
2-0: Foul Ball, location: 2F
2-1: Foul Ball, location: 2F
2-2: DOUBLE (Flyball, 89XD, EV 104.4 MPH)
Batting: RHB Rodrigo Rojas 0-0: Ball
1-0: Swinging Strike
1-1: Ball
2-1: Ball
3-1: Base on Balls
Batting: RHB Lorenzo Morales 0-0: Called Strike
0-1: Ball
1-1: Foul Ball, location: 2F
1-2: Strikes out swinging
Batting: RHB Cam Lloyd 0-0: Fly out, F9 (Line Drive, 9, EV 91.2 MPH)
Batting: RHB Jaicus Saracho 0-0: Called Strike
0-1: Ball
1-1: Ball
2-1: 3-RUN HOME RUN (Flyball, 7D, EV 100.0 MPH), Distance : 392 ft
Batting: LHB Tomás Gutiérrez 0-0: Swinging Strike
0-1: Called Strike
0-2: Ball
1-2: Foul Ball, location: 2F
1-2: Strikes out swinging
Bottom of the 3rd over - 3 runs, 2 hits, 0 errors, 0 left on base; Columbia 1 - Belleville 3
TOP OF THE 4TH
Columbia River Rats batting - Pitching for Belleville Bulls : RHP Miguel Angel Craig
Batting: RHB Yong-oon P'i 0-0: Ball
1-0: SINGLE (Flyball, 34D, EV 95.6 MPH)
Batting: RHB Marty Johnson 0-0: Ball
1-0: Swinging Strike
1-1: Foul Ball, location: 2F
1-2: Ball
2-2: Foul Ball, location: 2F
2-2: Grounds into double play, 6-4-3 (Groundball, 6, EV 85.6 MPH)
Batting: RHB Rafael Suárez 0-0: Ball
1-0: Ground out 5-3 (Groundball, 56, EV 99.4 MPH)
Top of the 4th over - 0 runs, 1 hit, 0 errors, 0 left on base; Columbia 1 - Belleville 3
BOTTOM OF THE 4TH
Belleville Bulls batting - Pitching for Columbia River Rats : LHP Christiansen Chemnitz
Batting: RHB Ludwig Mangin 0-0: Foul Ball, location: 2F
0-1: Ground out 6-3 (Groundball, 6, EV 98.1 MPH)
Batting: RHB Ron Johnson 0-0: Swinging Strike
0-1: Ball
1-1: Ball
2-1: Foul Ball, location: 2F
2-2: Ball
3-2: Fly out, F8 (Flyball, 89S, EV 92.5 MPH)
Batting: RHB Nick Ramírez 0-0: Called Strike
0-1: Swinging Strike
0-2: Strikes out swinging
Bottom of the 4th over - 0 runs, 0 hits, 0 errors, 0 left on base; Columbia 1 - Belleville 3
TOP OF THE 5TH
Columbia River Rats batting - Pitching for Belleville Bulls : RHP Miguel Angel Craig
Batting: LHB Héctor Ancelno 0-0: Fly out, F7 (Line Drive, 7, EV 96.9 MPH)
Batting: RHB Ernest Bonner 0-0: Ball
1-0: Fly out, F7 (Flyball, 7, EV 85.6 MPH)
Batting: LHB Bernard Alonso 0-0: Hit by Pitch
Batting: RHB Jonathan Boden 0-0: Called Strike
Bernard Alonso steals 2nd base (no throw)
0-1: Swinging Strike
0-2: Foul Ball, location: 2F
0-2: Foul Ball, location: 2F
0-2: Strikes out swinging
Top of the 5th over - 0 runs, 0 hits, 0 errors, 1 left on base; Columbia 1 - Belleville 3
BOTTOM OF THE 5TH
Belleville Bulls batting - Pitching for Columbia River Rats : LHP Christiansen Chemnitz
Batting: LHB Chad Perry 0-0: SINGLE (Groundball, 34D, EV 100.0 MPH)
Batting: RHB Rodrigo Rojas 0-0: Ball
1-0: Sac Bunt to 13 - play at first, batter OUT! 1-4
Chad Perry to second
Batting: RHB Lorenzo Morales 0-0: Ball
1-0: Foul Ball, location: 2F
1-1: Foul Ball, location: 2F
1-2: Ball
2-2: Foul Ball, location: 2F
2-2: Strikes out looking
Batting: RHB Cam Lloyd 0-0: Called Strike
0-1: Hit by Pitch
Batting: RHB Jaicus Saracho 0-0: Foul Ball, location: 2F
0-1: Fly out, F8 (Flyball, 78S, EV 85.0 MPH)
Bottom of the 5th over - 0 runs, 1 hit, 0 errors, 2 left on base; Columbia 1 - Belleville 3
TOP OF THE 6TH
Columbia River Rats batting - Pitching for Belleville Bulls : RHP Miguel Angel Craig
Batting: SHB Jorge Pérez 0-0: Ball
1-0: Ball
2-0: Called Strike
2-1: Called Strike
2-2: DOUBLE (Line Drive, 7LS, EV 93.8 MPH)
Batting: RHB Rutger McGroarty 0-0: Ball
1-0: DOUBLE (Groundball, 3L, EV 98.1 MPH)
Jorge Pérez scores
Batting: RHB Yong-oon P'i 0-0: 2-RUN HOME RUN (Line Drive, 78XD, EV 109.4 MPH), Distance : 440 ft
Batting: RHB Marty Johnson 0-0: Swinging Strike
0-1: Ball
1-1: Ground out 6-3 (Groundball, 6, EV 91.2 MPH)
Batting: RHB Rafael Suárez 0-0: Ground out 4-3 (Groundball, 4, EV 107.5 MPH)
Batting: LHB Héctor Ancelno 0-0: Foul Ball, location: 2F
0-1: Ground out 4-3 (Groundball, 4S, EV 94.4 MPH)
Top of the 6th over - 3 runs, 3 hits, 0 errors, 0 left on base; Columbia 4 - Belleville 3
BOTTOM OF THE 6TH
Belleville Bulls batting - Pitching for Columbia River Rats : LHP Christiansen Chemnitz
Batting: LHB Tomás Gutiérrez 0-0: Swinging Strike
0-1: Foul Ball, location: 2F
0-2: Ball
1-2: Strikes out swinging, 2-3 out at first.
Batting: RHB Ludwig Mangin 0-0: Ball
1-0: Foul Ball, location: 2F
1-1: Called Strike
1-2: Ball
2-2: Foul Ball, location: 2F
2-2: Ground out 6-3 (Groundball, 6, EV 99.4 MPH)
Batting: RHB Ron Johnson 0-0: Swinging Strike
0-1: Ground out 6-3 (Groundball, 56, EV 93.1 MPH)
Bottom of the 6th over - 0 runs, 0 hits, 0 errors, 0 left on base; Columbia 4 - Belleville 3
TOP OF THE 7TH
Columbia River Rats batting - Pitching for Belleville Bulls : RHP Miguel Angel Craig
Batting: RHB Ernest Bonner 0-0: Called Strike
0-1: Ball
1-1: Ball
2-1: Swinging Strike
2-2: Ball
3-2: Strikes out swinging
Batting: LHB Bernard Alonso 0-0: Called Strike
0-1: Ball
1-1: Fly out, F7 (Flyball, 78M, EV 91.2 MPH)
Batting: RHB Jonathan Boden 0-0: Ball
1-0: Called Strike
1-1: Ground out 5-3 (Groundball, 56, EV 83.1 MPH)
Top of the 7th over - 0 runs, 0 hits, 0 errors, 0 left on base; Columbia 4 - Belleville 3
BOTTOM OF THE 7TH
Belleville Bulls batting - Pitching for Columbia River Rats : LHP Christiansen Chemnitz
Pitching: RHP Cory Black
Batting: RHB Nick Ramírez 0-0: DOUBLE (Groundball, 3L, EV 102.5 MPH)
Batting: LHB Chad Perry 0-0: Called Strike
0-1: Ball
1-1: Swinging Strike
1-2: Foul Ball, location: 2F
1-2: Ball
2-2: Ball
3-2: Strikes out swinging
Batting: RHB Rodrigo Rojas 0-0: Ball
1-0: Foul Ball, location: 2F
1-1: SINGLE (Line Drive, 8RS, EV 105.6 MPH)
Nick Ramírez to third
Pinch Hitting: LHB Mark Weber 0-0: Called Strike
0-1: Ball
1-1: Foul Ball, location: 2F
1-2: Strikes out swinging
Pinch Hitting: LHB Tom Rollins 0-0: Ball
1-0: Ball
2-0: DOUBLE (Flyball, 8RXD, EV 98.1 MPH)
Nick Ramírez scores
Rodrigo Rojas to third
Runner from 3rd tries for Home, SAFE, no throw by CF
Batting: RHB Jaicus Saracho 0-0: Fly out, F7 (Flyball, 78M, EV 90.0 MPH)
Bottom of the 7th over - 2 runs, 3 hits, 0 errors, 1 left on base; Columbia 4 - Belleville 5
TOP OF THE 8TH
Columbia River Rats batting - Pitching for Belleville Bulls : RHP Miguel Angel Craig
Pitching: RHP Steve MacDougal
Now at 1B: Tom Rollins
Now in RF: Walter Lynch
Batting: SHB Jorge Pérez 0-0: Called Strike
0-1: Ball
1-1: Fly out, F8 (Flyball, 8RXD, EV 97.5 MPH)
Batting: RHB Rutger McGroarty 0-0: Ball
1-0: Foul Ball, location: 2F
1-1: Ball
2-1: Ball
3-1: Base on Balls
Batting: RHB Yong-oon P'i 0-0: Fielders Choice at 2nd, 4-6 (Groundball, 34S, EV 91.9 MPH)
Batting: RHB Marty Johnson 0-0: Called Strike
0-1: Swinging Strike
0-2: Strikes out swinging
Top of the 8th over - 0 runs, 0 hits, 0 errors, 1 left on base; Columbia 4 - Belleville 5
BOTTOM OF THE 8TH
Belleville Bulls batting - Pitching for Columbia River Rats : RHP Cory Black
Batting: LHB Tomás Gutiérrez 0-0: Called Strike
0-1: Ball
1-1: Called Strike
1-2: SINGLE (Groundball, 34S, EV 68.1 MPH) (infield hit)
Batting: RHB Ludwig Mangin 0-0: Called Strike
0-1: Foul Ball, location: 2F
0-2: Ball
1-2: Ball
2-2: Strikes out swinging
Batting: RHB Ron Johnson 0-0: SINGLE (Line Drive, 78S, EV 95.6 MPH)
Tomás Gutiérrez to second
Runner from 2nd tries for 3rd, SAFE, throw by CF made to third
Batting: RHB Nick Ramírez 0-0: Ball
1-0: Called Strike
1-1: Ball
2-1: Foul Ball, location: 2F
2-2: Ball
3-2: Strikes out swinging
Batting: LHB Chad Perry 0-0: Called Strike
0-1: Ball
1-1: Ball
2-1: Swinging Strike
2-2: Strikes out swinging
Bottom of the 8th over - 0 runs, 2 hits, 0 errors, 2 left on base; Columbia 4 - Belleville 5
TOP OF THE 9TH
Columbia River Rats batting - Pitching for Belleville Bulls : RHP Steve MacDougal
Pitching: LHP François L'Écuyer
Now at 1B: Rich Robinson
Now in LF: Luis Manuel Pérez
Now in CF: Ludwig Mangin
Pinch Hitting: RHB Jim Abare 0-0: Ball
1-0: Ball
2-0: Foul Ball, location: 2F
2-1: Ground out 5-3 (Groundball, 25, EV 87.5 MPH)
Pinch Hitting: RHB Javier Carrodeguas 0-0: Ball
1-0: Ball
2-0: Called Strike
2-1: SINGLE (Line Drive, 4D, EV 101.9 MPH)
Batting: RHB Ernest Bonner 0-0: Called Strike
0-1: SINGLE (Line Drive, 5, EV 67.5 MPH) (infield hit)
Javier Carrodeguas to second
Batting: LHB Bernard Alonso 0-0: Fielders Choice at 2nd, 6-4 (Groundball, 6, EV 81.9 MPH)
Javier Carrodeguas to third
Batting: RHB Jonathan Boden 0-0: Ball
1-0: Called Strike
1-1: Foul Ball, location: 2F
1-2: Ball
2-2: Strikes out looking
Top of the 9th over - 0 runs, 2 hits, 0 errors, 2 left on base; Columbia 4 - Belleville 5
Wednesday, July 27th , 2022 - OOTP Baseball 22.12 Build 89